 Seeded DCSS version 0.28-a0-1415-g7c84da036a (webtiles) character file.

Game seed: 7670440603315191966 (custom seed)

1121 voltaire321 the Magician (level 8, -1/48 HPs)
             Began as a Deep Elf Conjurer on Jan 8, 2022.
             Was an Initiate of Sif Muna.
             Succumbed to poison (poison gas)
             ... on level 5 of the Dungeon.
             The game lasted 00:14:30 (5921 turns).

voltaire321 the Magician (Deep Elf Conjurer)        Turns: 5921, Time: 00:14:30

Health: -1/48      AC:  3    Str:  6    XL:     8   Next: 12%
Magic:  20/20      EV: 14    Int: 24    God:    Sif Muna [......]
Gold:   208        SH:  3    Dex: 13    Spells: 17/20 levels left

rFire   . . .      SeeInvis .   k - +1 flail (spect)
rCold   . . .      Faith    .   p - +0 buckler
rNeg    . . .      Spirit   .   a - +0 robe
rPois   .          Reflect  .   (no helmet)
rElec   .          Harm     .   (no cloak)
rCorr   .          Rampage  .   d - +0 pair of gloves
Will    .....                   (no boots)
Stlth   ++........              (no amulet)
HPRegen 0.16/turn               (no ring)
MPRegen 0.17/turn               (no ring)

@: lethally poisoned (-1 -> -54)
A: no striking features
a: Renounce Religion


You were on level 5 of the Dungeon.
You worshipped Sif Muna.
Sif Muna was noncommittal.
You visited 2 branches of the dungeon, and saw 6 of its levels.

You collected 250 gold pieces.
You spent 42 gold pieces at shops.

Inventory:

Hand Weapons
 j - a +4 dagger of speed
 k - a +1 spectral flail (weapon)
Missiles
 l - 2 throwing nets
Armour
 a - a +0 robe (worn)
 d - a +0 pair of gloves (worn)
 p - a +0 buckler (worn)
Scrolls
 o - a scroll of identify {unknown}
Potions
 b - 2 potions of curing
 c - a potion of lignification {unknown}
 e - 2 potions of resistance
 f - a potion of magic {unknown}
 g - 2 potions of heal wounds {unknown}
 h - a potion of might
 i - 3 potions of flight {unknown}
 m - a potion of degeneration {unknown}
 n - a potion of mutation {unknown}


   Skills:
 + Level 3.6 Fighting
 + Level 6.0 Dodging
 - Level 2.4 Stealth
 + Level 0.3 Shields
 + Level 6.8 Spellcasting
 + Level 6.7 Conjurations
 + Level 1.6 Invocations


You had 17 spell levels left.
You knew the following spells:

 Your Spells              Type           Power      Damage    Failure   Level
a - Magic Dart            Conj           100%       1d8       1%          1
b - Searing Ray           Conj           80%        2d7       1%          2

Your spell library contained the following spells:

 Spells                   Type           Power      Damage    Failure   Level
 Dazzling Flash           Conj/Hex       48%        N/A       8%          3
 Stone Arrow              Conj/Erth      48%        3d10      8%          3
 Fulminant Prism          Conj/Hex       12%        3d9       26%         4
 Iskenderun's Mystic Bla  Conj/Tloc      24%        2d7       26%         4
 Ozocubu's Armour         Ice            8%         N/A       30%         3
 Animate Armour           Summ/Erth      16%        N/A       69%         4
 Metabolic Englaciation   Hex/Ice        4%         N/A       95%         5
 Simulacrum               Ice/Necr       4%         N/A       100%        6
 Lehudib's Crystal Spear  Conj/Erth      12%        10d4      100%        8


Dungeon Overview and Level Annotations

Branches:
Dungeon (5/15)             Temple (1/1) D:5

Altars:
Cheibriados
Dithmenos
Hepliaklqana
Qazlal
Ru
Sif Muna
Vehumet
Wu Jian
Zin
The Shining One

Shops:
D:1 (=![=

Annotations:
D:5 1 transporter


Message History

The water moccasin barely misses you. The water moccasin bites you.
The searing ray hits the water moccasin!
You kill the water moccasin!
Sif Muna accepts your kill.
Your Dodging skill increases to level 6!
You start resting.
HP restored.
You start resting.
Magic restored.
You now have enough gold to buy a ring of magical power on D:1.
You can access your shopping list by pressing '$'.
You now have 208 gold pieces (gained 12).
Found a quarterstaff.
Found a transporter.
Found a potion of resistance.
There is a transporter here.
You enter the transporter and appear at another place.
e - 2 potions of resistance (gained 1)
You open the gate. 2 zombies come into view.
An orc warrior zombie is wielding a +0 long sword of venom.
A gnoll sergeant zombie is wielding a +2 spear of venom.
The gnoll sergeant zombie hits you from afar with a +2 spear of venom!
You are poisoned.
Found 27 stones, 23 gold pieces, a robe and 30 bolts.
Found a transporter.
An orc warrior zombie comes into view.
It is wielding a +2 long sword of venom.
Found 2 emerald potions.
You feel very sick.
The gnoll sergeant zombie hits you but does no damage.
There is an open gate here.
Really walk into a travel-excluded area?
You are engulfed in poison gas.
You are more poisoned.
You feel extremely sick.
The gnoll sergeant zombie hits you from afar with a +2 spear of venom!
* * * LOW HITPOINT WARNING * * *
You are more poisoned.
You are engulfed in poison gas.
You are more poisoned.
* * * LOW HITPOINT WARNING * * *
You die...

###.# ...##...#
#...### ..####..#
#.....# ####### ..##
#...
#....########Z°°☼○#
... #...
#...##.☼○○○°#○°☼°○#...
#...
##..##○.○○○○#Z°Z○○#...
##...
#...#.○#.#.○○○.$(#...
##....
#).©#○☼©...°○○.(©#©..
##...##
##..#.°#.#.○°@.$[#!.#
#...###
#..#.☼○○☼°#°☼○○°####
#...# #
##.##○☼☼○..#☼°○○°##
#..##
.###..#########☼°○☼○#
#..# #.....##
##..####### #..#
#......####..## #...##
#..# #...[......>##
#....## ##..#
............#
#.....####...#
#....####...##
#...........##


You could see a gnoll sergeant zombie and 2 orc warrior zombies.

Vanquished Creatures
  Edmund (D:5)
  A water moccasin (D:5)
  2 black bears
  A necrophage (D:4)
  An ogre (D:5)
  A phantom (D:5)
  A scorpion (D:5)
  A water moccasin skeleton (D:5)
  A gnoll shaman (D:5)
  An iguana (D:5)
  An orc wizard (D:3)
  10 adders
  13 gnolls
  A white imp (D:5)
  2 adder skeletons (D:4)
  8 orcs
  7 ball pythons
  2 bats
  9 endoplasms
  4 giant cockroaches
  2 goblins (D:1)
  6 hobgoblins
  3 jackals (D:4)
  4 quokkas
  A frilled lizard (D:1)
  8 kobolds
  7 rats
99 creatures vanquished.

Notes
Turn   | Place    | Note
-------+----------+-------------------------------------------
     0 | D:1      | voltaire321 the Deep Elf Conjurer began the quest for the
                  | Orb.
     0 | D:1      | Reached XP level 1. HP: 10/10 MP: 6/6
    32 | D:1      | Found Jazeuden's Antique Weapon Shoppe.
    35 | D:1      | Found Pajikuy's Jewellery Emporium.
    94 | D:1      | Found Yffaakk's Antique Armour Shop.
    96 | D:1      | Found Buherim's Jewellery Shop.
   181 | D:1      | Found Zedekk's Distillery.
   190 | D:1      | Bought a potion of curing for 42 gold pieces
   275 | D:1      | Reached XP level 2. HP: 16/16 MP: 1/8
   432 | D:1      | Learned a level 2 spell: Searing Ray
   446 | D:1      | Found a faded altar of an unknown god.
  1020 | D:2      | Reached XP level 3. HP: 20/20 MP: 2/10
  1193 | D:2      | Reached skill level 1 in Fighting
  1247 | D:2      | Reached XP level 4. HP: 25/25 MP: 7/11
  1784 | D:3      | Reached skill level 5 in Conjurations
  2241 | D:3      | Reached XP level 5. HP: 30/30 MP: 3/13
  3386 | D:4      | Noticed a necrophage
  3393 | D:4      | Killed a necrophage
  3394 | D:4      | Reached skill level 5 in Spellcasting
  3394 | D:4      | Reached XP level 6. HP: 32/36 MP: 7/15
  4395 | D:5      | Entered Level 5 of the Dungeon
  4468 | D:5      | Reached skill level 5 in Dodging
  4468 | D:5      | Reached XP level 7. HP: 40/40 MP: 13/17
  4669 | D:5      | Found a staircase to the Ecumenical Temple.
  4986 | Temple   | Entered the Ecumenical Temple
  4991 | Temple   | Became a worshipper of Sif Muna the Loreminder
  5363 | D:5      | Noticed Edmund
  5374 | D:5      | Killed Edmund
  5375 | D:5      | Reached skill level 1 in Invocations
  5768 | D:5      | Reached XP level 8. HP: 42/46 MP: 9/20
  5902 | D:5      | Found a transporter.
  5918 | D:5      | Found a transporter.
  5921 | D:5      | Succumbed to poison (poison gas)

Illustrated notes

Levels and vault maps discovered:
D:1:      roderic_dead_forest, layout_rooms, serial_shops,
          nicolae_shop_overgrown_old_shop, nicolae_shop_crystal,
          nicolae_shop_advertising_works [nicolae_subvault_shop_adworks], shop,
          shop_coins, hellmonk_ecumenical_altar_blasted,
          minmay_misc_feat_more_columns, minmay_pentomino_r2
D:2:      layout_basic
D:3:      minmay_skewed_foursquare, layout_basic
D:4:      layout_cave_pools, serial_column_ruins, column_ruins_square_huge,
          column_ruins_columns_dead_end, column_ruins_open_large,
          column_ruins_open_tiny, column_ruins_columns_water,
          column_ruins_grid_4, minmay_misc_feat_tiny,
          chequers_serial_rivers_room_a, st_stairs_12, sigmund_army
D:5:      gammafunk_cloud_chamber, layout_layer_cave,
          minmay_temple_entry_slanted, palyth_stone_intersect,
          minmay_misc_feat_alley, uniq_edmund
Temple:   grunt_wide_crystal_templ

Skill      XL: |  1  2  3  4  5  6  7  8 |
---------------+-------------------------+-----
Dodging        | 3 4 5 6 |  6.0
Fighting       | 1 2 3 |  3.6
Spellcasting   | 4 5 6 |  6.8
Conjurations   | 5 6 |  6.7
Invocations    | 1 |  1.6
Stealth        | |  2.4
Shields        | |  0.3

Action                   |  1- 3 |  4- 6 |  7- 9 || total
-------------------------+-------+-------+-------++-------
Melee: Unarmed           |     7 |       |       ||     7
       Flail             |       |    46 |     5 ||    51
       Dagger            |       |    11 |       ||    11
 Cast: Magic Dart        |    47 |    26 |    15 ||    88
       Searing Ray       |     4 |    16 |    14 ||    34
  Use: Scroll            |       |     2 |       ||     2
 Stab: Sleeping          |       |     4 |       ||     4
Armor: Robe              |     6 |    15 |     4 ||    25
Dodge: Dodged            |    17 |    48 |    10 ||    75

Table legend: (Time is in decaauts)
 A = Elapsed time spent in this place.
 B = Non-inter-level travel time spent in this place.
 C = Inter-level travel time spent in this place.
 D = Time resting spent in this place.
 E = Time spent auto-exploring this place.
 F = Levels seen in this place.
 G = Mean time per level.
                   A        B        C        D        E       F      G
               +--------+--------+--------+--------+--------+-----+--------+
         Total |   5935 |   5904 |     31 |   1832 |   3104 |   6 |  989.2 |
       Dungeon |   5925 |   5894 |     31 |   1832 |   3104 |   5 | 1185.0 |
        Temple |     10 |     10 |      0 |      0 |      0 |   1 |   10.0 |
               +--------+--------+--------+--------+--------+-----+--------+

Top non-repeatable levels by time:
     D:3: 1626 daAuts
     D:5: 1517 daAuts
     D:2: 1026 daAuts
     D:4: 1010 daAuts
     D:1: 744 daAuts
  Temple: 10 daAuts
